 Dungeon Crawl Stone Soup version 0.28-a0-1213-g0243856f03 (webtiles) character file.

Game seed: 888471162562458732

585 blank1 the Skirmisher (level 7, -2/64 HPs)
             Began as a Minotaur Fighter on Dec 22, 2021.
             Slain by a gnoll (7 damage)
             ... on level 5 of the Dungeon.
             The game lasted 00:05:44 (4453 turns).

blank1 the Skirmisher (Minotaur Fighter)            Turns: 4453, Time: 00:05:45

Health: -2/64      AC: 10    Str: 22    XL:     7   Next: 15%
Magic:  6/6        EV:  9    Int:  5    God:
Gold:   182        SH:  5    Dex: 16    Spells: 6/6 levels left

rFire   . . .      SeeInvis +   a - +0 long sword
rCold   . . .      Faith    .   c - +0 buckler
rNeg    . . .      Spirit   .   t - +0 chain mail
rPois   .          Reflect  .   (helmet restricted)
rElec   .          Harm     .   h - +0 cloak
rCorr   .          Rampage  .   (no gloves)
Will    .....                   (no boots)
Stlth   ..........              (no amulet)
HPRegen 0.20/turn               j - ring of see invisible
MPRegen 0.10/turn               s - +6 ring of dexterity

@: no status effects
A: horns 2, retaliatory headbutt
a: no special abilities


You were on level 5 of the Dungeon.
You visited 1 branch of the dungeon, and saw 5 of its levels.

You collected 182 gold pieces.

Inventory:

Hand Weapons
 a - a +0 long sword (weapon)
 k - a +0 flail of holy wrath
Armour
 c - a +0 buckler (worn)
 h - a +0 cloak (worn)
 t - a +0 chain mail (worn)
Jewellery
 j - a ring of see invisible (left hand)
 s - a +6 ring of dexterity (right hand)
Wands
 r - a wand of iceblast (9)
Scrolls
 e - a scroll of immolation {unknown}
 l - a scroll of enchant armour {unknown}
 m - a scroll of brand weapon {unknown}
Potions
 d - 2 potions of might
 f - a potion of flight
 i - a potion of curing
 n - a potion of ambrosia
 p - a potion of attraction {unknown}
 q - a potion of haste


   Skills:
 + Level 6.5 Fighting
 - Level 6.0 Long Blades
 + Level 4.7 Armour
 + Level 3.0 Dodging
 - Level 4.0 Shields


You had 6 spell levels left.
You didn't know any spells.
Your spell library contained the following spells:

 Spells                   Type           Power      Damage    Failure   Level
 Static Discharge         Conj/Air       0%         N/A       100%        2
 Lightning Bolt           Conj/Air       0%         1d11      100%        5
 Maxwell's Capacitive Co  Air            0%         ∞         100%        8


Dungeon Overview and Level Annotations

Branches:
Dungeon (5/15)
 Temple: D:4-7

Altars:


Innate Abilities, Weirdness & Mutations

You have a pair of horns on your head.
You reflexively headbutt those who attack you in melee.


Message History

Unknown command.
You are too injured to fight recklessly!
Unknown command.
You are too injured to fight recklessly!
Unknown command.
You are too injured to fight recklessly!
Unknown command.
You hit the gnoll.
You kill the gnoll!
The gnoll hits you with a +0 whip.
The gnoll sergeant hits you but does no damage.
The gnoll misses you. You furiously retaliate!
You headbutt the gnoll!
The gnoll hits you from afar with a +0 spear.
You have reached level 7!
You slash the gnoll!
You kill the gnoll!
The gnoll sergeant hits you from afar with a +0 spear.
The gnoll hits you but does no damage.
Unknown command.
Unknown command.
The gnoll sergeant closely misses you. The gnoll barely misses you.
Things that are here:
a +0 whip; a +0 halberd; a gnoll corpse You hit the gnoll sergeant but do no damage.
You headbutt the gnoll sergeant!
The gnoll sergeant is heavily wounded.
The gnoll sergeant hits you with a +0 spear!
* * * LOW HITPOINT WARNING * * *
The gnoll closely misses you. You furiously retaliate!
You headbutt the gnoll.
The gnoll sergeant hits you with a +0 spear!
* * * LOW HITPOINT WARNING * * *
You slash the gnoll sergeant!
You kill the gnoll sergeant!
The gnoll closely misses you. You furiously retaliate!
You headbutt the gnoll.
Your Dodging skill increases to level 3!
Unknown command.
You hit the gnoll.
The gnoll is almost dead.
The gnoll hits you with a +0 spear!
You die...

#...... ....... #......
...... #..... #...#
##.....####...##+##
#........#........#
+........#........#
#........+........#
#...##..####'##'######
#...##..##...#)@.....#
##............#.)g....#
..............#.......#
..............#.......#
..............#.......#
..............#.......#
..............#.......#
..............#.......#
###############


You could see a gnoll.

Vanquished Creatures
  An ogre (D:2)
  A phantom (D:5)
  A gnoll sergeant (D:5)
  2 hounds
  Crazy Yiuf (D:2)
  An iguana (D:4)
  An orc wizard (D:4)
  6 adders
  9 gnolls
  An ufetubus (D:5)
  A worm (D:2)
  11 orcs
  6 endoplasms
  A giant cockroach (D:4)
  4 goblins
  6 hobgoblins
  6 kobolds
  4 quokkas
  9 ball pythons
  4 bats
  4 frilled lizards
  5 rats
85 creatures vanquished.

Notes
Turn   | Place    | Note
-------+----------+-------------------------------------------
     0 | D:1      | blank1 the Minotaur Fighter began the quest for the Orb.
     0 | D:1      | Reached XP level 1. HP: 19/19 MP: 0/0
   215 | D:1      | You fall into a shaft and drop 1 floor!
   305 | D:2      | Reached XP level 2. HP: 11/27 MP: 1/1
   503 | D:2      | Reached skill level 1 in Dodging
   690 | D:2      | Reached XP level 3. HP: 31/33 MP: 2/2
  1104 | D:1      | Found a faded altar of an unknown god.
  1371 | D:1      | Reached XP level 4. HP: 40/40 MP: 3/3
  2353 | D:2      | Found a runed translucent door.
  2354 | D:2      | Noticed Crazy Yiuf
  2513 | D:2      | Killed Crazy Yiuf
  2695 | D:3      | Reached skill level 5 in Fighting
  2758 | D:3      | Reached XP level 5. HP: 44/48 MP: 4/4
  2953 | D:3      | Noticed an ogre
  2990 | D:2      | Killed an ogre
  3382 | D:4      | Reached skill level 5 in Long Blades
  3382 | D:4      | Reached XP level 6. HP: 28/57 MP: 5/5
  4397 | D:5      | Entered Level 5 of the Dungeon
  4407 | D:5      | Noticed an ice beast
  4449 | D:5      | Reached XP level 7. HP: 21/64 MP: 6/6
  4453 | D:5      | Slain by a gnoll

Illustrated notes

Levels and vault maps discovered:
D:1:      psy_arrival_whirlpool, layout_loops_corners,
          hellmonk_ecumenical_altar_crossroads
D:2:      layout_basic, minivault_27, uniq_crazy_yiuf_cottage
D:3:      layout_basic, minmay_cut_off
D:4:      layout_loops_ring
D:5:      layout_gridville

Skill      XL: |  1  2  3  4  5  6  7 |
---------------+----------------------+-----
Dodging        | 1 2 3 |  3.0
Fighting       | 4 5 6 |  6.5
Long Blades    | 3 4 5 6 |  6.0
Armour         | 4 |  4.7
Shields        | 4 |  4.0

Action                   |  1- 3 |  4- 6 |  7- 9 || total
-------------------------+-------+-------+-------++-------
Melee: Long sword        |    75 |   139 |     4 ||   218
       Headbutt          |    10 |    21 |     1 ||    32
  Use: Scroll            |       |     5 |       ||     5
Armor: Scale mail        |    33 |    37 |       ||    70
       Chain mail        |       |    20 |     1 ||    21
Dodge: Dodged            |    36 |    73 |     4 ||   113
Block: Buckler           |    16 |    29 |       ||    45

Table legend: (Time is in decaauts)
 A = Elapsed time spent in this place.
 B = Non-inter-level travel time spent in this place.
 C = Inter-level travel time spent in this place.
 D = Time resting spent in this place.
 E = Time spent auto-exploring this place.
 F = Levels seen in this place.
 G = Mean time per level.
                   A        B        C        D        E       F      G
               +--------+--------+--------+--------+--------+-----+--------+
         Total |   4494 |   4385 |    109 |   1085 |   2599 |   5 |  898.8 |
       Dungeon |   4494 |   4385 |    109 |   1085 |   2599 |   5 |  898.8 |
               +--------+--------+--------+--------+--------+-----+--------+

Top non-repeatable levels by time:
     D:2: 1755 daAuts
     D:4: 1073 daAuts
     D:1: 1027 daAuts
     D:3: 580 daAuts
     D:5: 57 daAuts
